[Event "CIS Master Groups 2024"]
[Site "Vasto"]
[Date "2024.04.13"]
[Round "8.1"]
[White "Predke, Alexandr"]
[Black "Dardha, Daniel"]
[Result "0-1"]
[ECO "A53"]
[WhiteElo "2673"]
[BlackElo "2630"]
[Annotator "TA"]
[PlyCount "80"]
[EventDate "2024.04.07"]
[EventType "team-tourn"]
[EventCountry "ITA"]
[SourceTitle "playchess.com"]
[Source "ChessBase"]
[SourceQuality "1"]
[TimeControl "40/5400+30:900+30"]

1. Nf3 d5 2. g3 Nd7 3. Bg2 e5 4. O-O Ngf6 5. d3 c6 6. c4 dxc4 7. dxc4 Bc5 8. Nc3 O-O 9. Qc2 Qe7 {[%emt 0:06:59] The position is equal.} 10. b3 Re8 11. Bb2 Nf8 12. Rad1 e4 13. Ng5 (13. Nd4 $11) 13... Bf5 $15 14. Na4 Bb4 15. Bxf6 gxf6 16. Nh3 Qe5 17. c5 e3 {[%emt 0:02:33] Black is more active.} (17... Rad8 {simplifies} 18. e3 Ne6 19. Qc4 Bxc5 20. Nxc5 Qxc5 21. Qxc5 Nxc5 22. Nf4 Kg7) 18. Qc4 Bd2 19. fxe3 Bxe3+ 20. Kh1 Rad8 $36 {[%emt 0:01:37][%mdl 2048] Black is really pushing.} 21. Nc3 $2 {[%emt 0:03:13][%mdl 8192] [#] Now White is beyond hope.} (21. Rxd8 $17 Rxd8 22. Qc3) 21... Be6 $19 {[%emt 0:05:10] This pair of bishops is nice.} (21... Bxc5 $2 22. b4 Be3 23. Nf4 $19) 22. Qb4 Bxc5 (22... Bd2 23. Rxd2 Rxd2 24. Nf2 $19) 23. Qxb7 Bxh3 24. Bxh3 Qxc3 25. Rxd8 Rxd8 26. Qxc6 Qe5 {[%emt 0:03:25] Threatens to win with ...Kg7.} 27. Qxf6 Qxf6 (27... Qxe2 $2 28. Qxf7+ (28. Qxd8 Bb4 $18) 28... Kh8 29. Qf6+ Kg8 30. Qxd8 $18) 28. Rxf6 Rd2 29. Bg4 Rxa2 30. Bf3 Kg7 31. Rf5 Bb6 32. Bd5 Ne6 (32... Rxe2 33. Rxf7+ (33. Bxf7 $2 {too greedy.} Rf2 $19) 33... Kg6 34. Rxf8 $14) 33. Bc4 Rd2 34. Kg2 Rd7 35. h4 h6 36. Re5 Nd4 37. g4 Bd8 38. g5 hxg5 39. hxg5 Re7 40. Rd5 Bb6 {[%emt 0:00:07] Weighted Error Value: White=0.32/Black=0.15 (very precise) .  Loses game:     	White=1     	---        Mistake:       	White=1     	---        Inaccurate:     	White=4     	Black=2      OK:         	White=10    	Black=18     Best:        	White=2     	Black=2} ({Worse is} 40... Nxe2 41. Rxd8 Nf4+ 42. Kg3 $11) 0-1

[Event "CIS Master Groups 2024"]
[Site "Vasto"]
[Date "2024.04.13"]
[Round "8.2"]
[White "Basso, Pier Luigi"]
[Black "Brunello, Sabino"]
[Result "1/2-1/2"]
[ECO "D51"]
[WhiteElo "2507"]
[BlackElo "2515"]
[Annotator "RC"]
[PlyCount "27"]
[EventDate "2024.04.07"]
[EventType "team-tourn"]
[EventCountry "ITA"]
[SourceTitle "playchess.com"]
[Source "ChessBase"]
[SourceQuality "1"]
[TimeControl "40/5400+30:900+30"]

1. d4 Nf6 2. c4 e6 3. Nf3 d5 4. Nc3 Nbd7 5. Bg5 dxc4 6. e4 h6 7. Bh4 b5 8. Nxb5 Bb4+ 9. Nc3 g5 10. Bg3 Nxe4 11. Qc2 Bb7 12. Bxc4 g4 13. Nh4 Nxg3 14. hxg3 1/2-1/2

[Event "CIS Master Groups 2024"]
[Site "Vasto"]
[Date "2024.04.13"]
[Round "8.3"]
[White "Dvirnyy, Danyyil"]
[Black "Di Benedetto, Edoardo"]
[Result "1-0"]
[ECO "D37"]
[WhiteElo "2480"]
[BlackElo "2400"]
[Annotator "RC"]
[PlyCount "137"]
[EventDate "2024.04.07"]
[EventType "team-tourn"]
[EventCountry "ITA"]
[SourceTitle "playchess.com"]
[Source "ChessBase"]
[SourceQuality "1"]
[TimeControl "40/5400+30:900+30"]

1. d4 d5 2. c4 e6 3. Nc3 Nf6 4. Nf3 Be7 5. Bf4 O-O 6. e3 c5 7. dxc5 Bxc5 8. a3 Nc6 9. Qc2 Qa5 10. Nd2 Bb4 11. Rc1 Bxc3 12. Qxc3 Qxc3 13. Rxc3 e5 14. Bg3 Be6 15. cxd5 Nxd5 16. Rc5 f6 17. Bb5 Rac8 18. Ke2 Nce7 19. Rhc1 Rxc5 20. Rxc5 Rc8 21. Rxc8+ Nxc8 22. Ne4 Ndb6 23. Nc5 Bc4+ 24. Bxc4+ Nxc4 25. Kd3 N4d6 26. f4 exf4 27. Bxf4 Kf7 28. e4 b6 29. Na6 Ke6 30. a4 Nf7 31. Nc7+ Kd7 32. Nb5 Ne5+ 33. Kd4 Nc6+ 34. Kc4 N8e7 35. b4 Ng6 36. Bg3 Nge5+ 37. Kc3 Nf7 38. Bf4 Nfd8 39. Kc4 Ne6 40. Bg3 a5 41. bxa5 Nxa5+ 42. Kd5 Nc6 43. Bd6 Ncd8 44. g4 Nb7 45. Bg3 Nbc5 46. Nc3 Nb7 47. h4 Na5 48. h5 Nc6 49. Kc4 Nc7 50. Bxc7 Kxc7 51. Nd5+ Kd6 52. Kb5 Nd4+ 53. Kxb6 Nb3 54. Kb5 Ke5 55. Kb4 Nd4 56. Kc4 Nc6 57. Nb4 Na5+ 58. Kb5 Nb7 59. Nd3+ Kd4 60. Kb6 Nd6 61. Nb2 Nxe4 62. a5 Nc5 63. Nd3 Ne4 64. Kc6 Kxd3 65. a6 Nf2 66. a7 Nxg4 67. a8=Q Ke4 68. Qg8 g6 69. Qxh7 1-0

[Event "CIS Master Groups 2024"]
[Site "Vasto"]
[Date "2024.04.13"]
[Round "8.4"]
[White "Ladron De Guevara Pinto, Paolo"]
[Black "Gilevych, Artem"]
[Result "1/2-1/2"]
[ECO "D41"]
[WhiteElo "2394"]
[BlackElo "2417"]
[Annotator "RC"]
[PlyCount "49"]
[EventDate "2024.04.07"]
[EventType "team-tourn"]
[EventCountry "ITA"]
[SourceTitle "playchess.com"]
[Source "ChessBase"]
[SourceQuality "1"]
[TimeControl "40/5400+30:900+30"]

1. d4 d5 2. c4 e6 3. Nc3 Nf6 4. Nf3 c5 5. cxd5 cxd4 6. Qa4+ Bd7 7. Qxd4 exd5 8. Bg5 Nc6 9. Qd2 Be6 10. e3 h6 11. Bxf6 Qxf6 12. Bb5 Bb4 13. Nd4 Rc8 14. a3 Bc5 15. Rc1 Bxd4 16. exd4 O-O 17. Bxc6 Rxc6 18. O-O Rc4 19. Ne2 Qg5 20. Qxg5 hxg5 21. b3 Rxc1 22. Rxc1 Rc8 23. Rxc8+ Bxc8 24. f3 f6 25. Nc3 1/2-1/2

[Event "CIS Master Groups 2024"]
[Site "Vasto"]
[Date "2024.04.13"]
[Round "8.5"]
[White "Favaloro, Andrea"]
[Black "Mastrovasilis, Dimitrios"]
[Result "1/2-1/2"]
[ECO "C49"]
[WhiteElo "2412"]
[BlackElo "2576"]
[Annotator "TA"]
[PlyCount "45"]
[EventDate "2024.04.07"]
[EventType "team-tourn"]
[EventCountry "ITA"]
[SourceTitle "playchess.com"]
[Source "ChessBase"]
[SourceQuality "1"]
[TimeControl "40/5400+30:900+30"]

1. e4 e5 2. Nf3 Nc6 3. Nc3 Nf6 4. Bb5 Bb4 5. O-O O-O 6. Bxc6 dxc6 7. Nxe5 Re8 8. Nd3 Bxc3 9. dxc3 Nxe4 10. Bf4 Bf5 11. Re1 Qd7 12. h3 f6 13. Qf3 Bg6 14. Re3 Nd6 15. Rae1 Bxd3 16. cxd3 Rxe3 17. Rxe3 Re8 18. Bxd6 cxd6 {[%emt 0:00:45] The position is equal.} 19. Qe2 Re5 20. d4 Rxe3 21. Qxe3 d5 22. Qf4 a6 23. Kf1 {[%emt 0:00:22] Not much happened in this game.   Weighted Error Value: White=0.04 (flawless) /Black=0.03 (flawless) .  Inaccurate:     	---       	Black=1      OK:         	White=4     	Black=8} 1/2-1/2

[Event "CIS Master Groups 2024"]
[Site "Vasto"]
[Date "2024.04.13"]
[Round "8.7"]
[White "Bifulco, Michel"]
[Black "Altini, Nicola"]
[Result "1/2-1/2"]
[ECO "B31"]
[WhiteElo "2303"]
[BlackElo "2393"]
[Annotator "RC"]
[PlyCount "38"]
[EventDate "2024.04.07"]
[EventType "team-tourn"]
[EventCountry "ITA"]
[SourceTitle "playchess.com"]
[Source "ChessBase"]
[SourceQuality "1"]
[TimeControl "40/5400+30:900+30"]

1. e4 c5 2. Nf3 Nc6 3. Bb5 g6 4. Bxc6 bxc6 5. d4 Bg7 6. dxc5 Qa5+ 7. Nbd2 Ba6 8. Rb1 Qxc5 9. c4 Nh6 10. O-O O-O 11. b4 Qh5 12. Bb2 f6 13. Re1 d6 14. Qa4 Bb7 15. Nf1 g5 16. Qa5 Qf7 17. c5 g4 18. Nh4 dxc5 19. bxc5 Bc8 1/2-1/2

[Event "CIS Master Groups 2024"]
[Site "Vasto"]
[Date "2024.04.13"]
[Round "8.8"]
[White "Piscopo, Pierluigi"]
[Black "Mazzilli, Piero"]
[Result "1/2-1/2"]
[ECO "B53"]
[WhiteElo "2312"]
[BlackElo "2311"]
[Annotator "RC"]
[PlyCount "38"]
[EventDate "2024.04.07"]
[EventType "team-tourn"]
[EventCountry "ITA"]
[SourceTitle "playchess.com"]
[Source "ChessBase"]
[SourceQuality "1"]
[TimeControl "40/5400+30:900+30"]

1. e4 c5 2. Nf3 d6 3. d4 cxd4 4. Qxd4 a6 5. h3 Nc6 6. Qe3 Nf6 7. Be2 e6 8. O-O Qc7 9. c4 Be7 10. Nc3 O-O 11. Rd1 Bd7 12. b3 Rfd8 13. Bb2 Ne5 14. Nd4 Rac8 15. Rd2 Qa5 16. Rad1 h6 17. a4 Ng6 18. g3 Ne8 19. Bf1 Qb4 1/2-1/2

[Event "CIS Master Groups 2024"]
[Site "Vasto"]
[Date "2024.04.13"]
[Round "8.9"]
[White "Fier, Alexandr"]
[Black "Shevchenko, Kirill"]
[Result "1/2-1/2"]
[ECO "C54"]
[WhiteElo "2566"]
[BlackElo "2675"]
[Annotator "TA"]
[PlyCount "106"]
[EventDate "2024.04.07"]
[EventType "team-tourn"]
[EventCountry "ITA"]
[SourceTitle "playchess.com"]
[Source "ChessBase"]
[SourceQuality "1"]
[TimeControl "40/5400+30:900+30"]

1. e4 e5 2. Nf3 Nc6 3. Bc4 Nf6 4. d3 h6 5. O-O Bc5 6. c3 d6 7. Nbd2 O-O 8. h3 Bb6 {[%emt 0:02:31] C54: Giuoco Piano: 4 c3 Nf6, main lines with 5 d4 and 5 d3.} 9. a4 a5 10. Re1 Kh8 11. Nf1 $146 ({Predecessor:} 11. Qb3 Qe7 12. Nf1 Nd8 13. Be3 Bxe3 14. Nxe3 c6 15. Rad1 Nh7 16. d4 Ng5 17. Nxg5 Qxg5 18. dxe5 dxe5 {½-½ Kawalko,A (1950)-Orlik,S (1738) Polanica Zdroj op-C 56th 2020 (3)}) 11... Be6 12. Bxe6 fxe6 13. Be3 Bxe3 14. Rxe3 d5 15. Qb3 Qd6 16. Ng3 d4 17. Ree1 Nd7 18. Qa3 Nc5 19. Red1 b6 20. Rac1 dxc3 (20... Rxf3 $17 21. gxf3 Qf8) 21. bxc3 $15 {[%emt 0:00:11] [#]} Nxe4 (21... Nxd3 $2 22. Qxd6 cxd6 23. Rxd3 $18) (21... Rxf3 $1 $15 22. gxf3 Rf8) 22. Qxd6 $11 Nxd6 23. Re1 Nf7 24. Re4 Nd6 25. Ree1 Nf7 26. Re4 Rac8 27. Rc4 (27. Rce1 $11) 27... Nb8 $15 28. Re1 Nd7 $1 29. Rc6 Nd8 30. Rc4 Nf7 31. Rc6 Nc5 32. Nxe5 Nxe5 (32... Nxa4 $2 33. Ng6+ (33. Rxe6 Nxe5 34. R1xe5 Nc5 $19) 33... Kg8 34. Ne7+ (34. Rcxe6 Nd6 $18) (34. Rexe6 Nd8 $19) 34... Kh7 35. Nxc8 (35. Rcxe6 Rcd8 $11) (35. Rexe6 Nd8 $17) 35... Rxc8 36. Rcxe6 $18 (36. Rexe6 Nd8 $18)) 33. Rxe5 Nxa4 34. Rexe6 Nc5 35. Re7 $1 a4 (35... Kg8 {simplifies} 36. Rcxc7 Rxc7 37. Rxc7 Nxd3 38. f3 Nc5) 36. Nh5 Rfe8 ({Weaker is} 36... Nxd3 37. Rxg7 (37. Rexc7 $2 Rxc7 38. Rxc7 Ra8 $19) (37. Rexc7 $2 Rxc7 38. Rxc7 Ra8 $19)) 37. Rxg7 Re6 38. Rcxc7 Rxc7 39. Rxc7 Nxd3 (39... Nb3 $1 $11 40. Rc4 b5 41. Rc8+ Kh7) 40. Ra7 (40. c4 $1 $14) 40... b5 $11 41. Ra5 Rb6 42. Kf1 Nc5 43. Ke2 Re6+ 44. Kd1 $1 Ne4 45. Kc2 (45. Rxb5 $2 {too greedy.} Nxc3+ (45... Nxf2+ 46. Kd2 $11) 46. Kc2 Nxb5 $19) 45... Rc6 46. Rxb5 Rxc3+ 47. Kb2 a3+ 48. Ka2 Nxf2 49. Rb3 Rxb3 50. Kxb3 Kh7 51. Nf4 Kg7 52. Kxa3 Kf6 53. Kb3 Ke5 1/2-1/2

[Event "CIS Master Groups 2024"]
[Site "Vasto"]
[Date "2024.04.13"]
[Round "8.10"]
[White "Lodici, Lorenzo"]
[Black "Iermito, Sebastian"]
[Result "1-0"]
[ECO "C70"]
[WhiteElo "2565"]
[BlackElo "2511"]
[Annotator "TA"]
[PlyCount "139"]
[EventDate "2024.04.07"]
[EventType "team-tourn"]
[EventCountry "ITA"]
[SourceTitle "playchess.com"]
[Source "ChessBase"]
[SourceQuality "1"]
[TimeControl "40/5400+30:900+30"]

1. e4 e5 2. Nf3 Nc6 3. Bb5 a6 4. Ba4 b5 5. Bb3 Na5 6. O-O d6 7. d4 exd4 8. Nxd4 Bb7 9. Bd2 Nxb3 10. Nxb3 Nf6 11. Re1 Be7 12. Na5 Qc8 13. Qf3 O-O 14. Nc3 Rb8 15. Rad1 Ba8 16. Nd5 Nxd5 17. exd5 Bf6 18. Bc3 Bxc3 19. Qxc3 b4 20. Qf3 Rb5 21. Nc4 Re8 22. Rxe8+ Qxe8 23. h4 Rb8 24. h5 h6 25. Rd4 Qe1+ 26. Kh2 Qe7 27. Re4 Qg5 28. Ne3 $1 c6 (28... Bxd5 $2 29. Nxd5 Rf8 (29... Qxd5 $2 30. Re8+ Rxe8 31. Qxd5 $18) 30. Ne7+ (30. Nxc7 Qa5 $18) (30. Nxb4 Kh7 $18) (30. Rxb4 c6 $18) 30... Kh7 31. Qf5+ Qxf5 32. Nxf5 $18) (28... a5 $1 $11 {keeps the balance.}) 29. Qf5 (29. Nf5 $5 Kh7 30. Kg1 (30. Nxd6 c5 $14) (30. Re7 cxd5 31. Qd3 Kh8 $11) 30... Qc1+ 31. Kh2 $14) 29... cxd5 30. Qxg5 (30. Rg4 {seems wilder.} Qe7 31. Qf4 Qe5 32. Nf5) 30... hxg5 31. Re7 d4 32. Nf5 Bd5 33. Nxd4 Rc8 (33... Kh7 $1 $11 {remains equal.}) 34. b3 $1 $16 a5 35. f3 Be6 (35... Rc5 $14) 36. Nxe6 $16 fxe6 37. Rxe6 Rxc2 38. Rxd6 Kh7 $2 (38... Kf7 $16 {was called for.} 39. Rd5 Rxa2) 39. Rg6 $18 Rxa2 40. Rxg5 Kh6 41. Rb5 Ra3 42. Kh3 (42. Kg3 $142) 42... Rxb3 $2 (42... g6 43. Kg4 gxh5+ 44. Rxh5+ Kg6) 43. Rxa5 $18 Rc3 44. Kh4 b3 {[%emt 0:01:08] [#]} (44... Rc6 $142 45. g4 g5+ 46. Rxg5 Rb6) 45. Rb5 $1 $18 g5+ {[%emt 0:06:48] [#]} 46. hxg6 $1 (46. Rxg5 Rc4+ 47. g4 Rb4 48. Rg6+ Kh7 $19) 46... Kxg6 47. f4 Rc2 48. g4 ({Not} 48. Rxb3 Rxg2 49. Rg3+ Rxg3 50. Kxg3 Kh7 $11) 48... b2 49. Rb6+ Kf7 50. Kg5 Ke7 51. f5 Rg2 52. Kf4 Rf2+ 53. Kg3 Rc2 54. g5 Rd2 55. Kg4 Rh2 56. g6 Rg2+ 57. Kf4 Rf2+ 58. Kg5 Rg2+ 59. Kh6 b1=Q 60. f6+ Kf8 61. Rxb1 Rh2+ 62. Kg5 Rg2+ 63. Kf5 Rf2+ 64. Ke5 Re2+ 65. Kd4 Rd2+ 66. Ke3 Rd8 67. Rb7 Kg8 68. Kf4 Kh8 69. Kg5 Kg8 70. Kh6 1-0

[Event "CIS Master Groups 2024"]
[Site "Vasto"]
[Date "2024.04.13"]
[Round "8.11"]
[White "Godena, Michele"]
[Black "Barp, Alberto"]
[Result "1/2-1/2"]
[ECO "C68"]
[WhiteElo "2429"]
[BlackElo "2470"]
[Annotator "RC"]
[PlyCount "37"]
[EventDate "2024.04.07"]
[EventType "team-tourn"]
[EventCountry "ITA"]
[SourceTitle "playchess.com"]
[Source "ChessBase"]
[SourceQuality "1"]
[TimeControl "40/5400+30:900+30"]

1. e4 e5 2. Nf3 Nc6 3. Bb5 a6 4. Bxc6 dxc6 5. O-O Bg4 6. h3 h5 7. d3 Qf6 8. Be3 Bxf3 9. Qxf3 Qxf3 10. gxf3 Bd6 11. Nd2 Ne7 12. Rfb1 a5 13. a4 c5 14. Kf1 f6 15. Ke2 Nc6 16. c3 Kf7 17. Nc4 Rad8 18. Ra3 b6 19. Raa1 1/2-1/2

[Event "CIS Master Groups 2024"]
[Site "Vasto"]
[Date "2024.04.13"]
[Round "8.12"]
[White "Simonetto, Andrea"]
[Black "Bellia, Fabrizio"]
[Result "0-1"]
[ECO "C55"]
[WhiteElo "2277"]
[BlackElo "2384"]
[Annotator "RC"]
[PlyCount "160"]
[EventDate "2024.04.07"]
[EventType "team-tourn"]
[EventCountry "ITA"]
[SourceTitle "playchess.com"]
[Source "ChessBase"]
[SourceQuality "1"]
[TimeControl "40/5400+30:900+30"]

1. e4 e5 2. Nf3 Nc6 3. Bc4 Nf6 4. d3 Be7 5. a4 d6 6. c3 O-O 7. O-O Be6 8. Nbd2 Qd7 9. Re1 h6 10. b4 a6 11. Rb1 Bxc4 12. Nxc4 Rfe8 13. Ne3 Bf8 14. b5 axb5 15. axb5 Ne7 16. c4 Ng6 17. Bb2 c6 18. bxc6 bxc6 19. Ra1 Rab8 20. Bc3 d5 21. cxd5 cxd5 22. Nxd5 Nxd5 23. exd5 Qxd5 24. Ra5 Rb5 25. Qa4 Rxa5 26. Qxa5 Qxa5 27. Bxa5 f6 28. g3 Ra8 29. Bb6 Ra3 30. Rd1 Bb4 31. Kg2 Ne7 32. Be3 Nd5 33. Ng1 Ra2 34. Kf3 Nxe3 35. fxe3 Rxh2 36. d4 exd4 37. Rxd4 Be1 38. Rd1 Rf2+ 39. Ke4 f5+ 40. Kd3 Bb4 41. Ne2 Bd6 42. Rg1 Kf7 43. Nd4 g6 44. Ne2 Rf3 45. Rg2 h5 46. Kd4 Kf6 47. Nf4 Be5+ 48. Kd3 h4 49. Ke2 Rxg3 50. Rxg3 hxg3 51. Nd3 g5 52. Ne1 g4 53. Ng2 Bc7 54. Kd3 Ke5 55. Nh4 Bd8 56. Ng2 Bg5 57. Ne1 Be7 58. Ng2 Bd6 59. Nh4 Kd5 60. Ng2 Be5 61. Nh4 g2 62. Nxg2 Bg3 63. e4+ fxe4+ 64. Ke2 Ke5 65. Ne3 Kf4 66. Ng2+ Kg5 67. Ke3 Kf5 68. Ke2 Bf4 69. Kf1 g3 70. Ne1 Ke5 71. Ke2 Bh6 72. Ng2 Bg5 73. Ne1 Bd8 74. Ng2 Bb6 75. Kf1 Bf2 76. Ke2 Kf5 77. Kf1 Kg4 78. Ke2 Kh3 79. Nf4+ Kh2 80. Kf1 e3 0-1

[Event "CIS Master Groups 2024"]
[Site "Vasto"]
[Date "2024.04.13"]
[Round "8.13"]
[White "Ivanisevic, Ivan"]
[Black "Livaic, Leon"]
[Result "1-0"]
[ECO "D61"]
[WhiteElo "2518"]
[BlackElo "2549"]
[Annotator "TA"]
[PlyCount "55"]
[EventDate "2024.04.07"]
[EventType "team-tourn"]
[EventCountry "ITA"]
[SourceTitle "playchess.com"]
[Source "ChessBase"]
[SourceQuality "1"]
[TimeControl "40/5400+30:900+30"]

1. d4 Nf6 2. c4 e6 3. Nc3 d5 4. Bg5 Be7 5. e3 Nbd7 6. Nf3 O-O 7. Qc2 h6 8. Bf4 c5 9. g4 cxd4 $17 (9... Nxg4 10. Rg1 cxd4 11. exd4 $16) 10. exd4 dxc4 $1 {[%emt 0:00:45] Black is better.} (10... Nxg4 11. Rg1 Ndf6 12. h3 $16) 11. g5 Nh5 (11... Nd5 $1 $17 12. Nxd5 exd5 13. gxh6 g6 14. h7+ Kh8) 12. Be3 $15 hxg5 {[%emt 0:14:53] ...g4 would now be deadly.} 13. Rg1 Nb6 (13... g4 $1 $15 14. Rxg4 b5 15. Nxb5 Bb7) 14. Nxg5 f5 (14... Nf6 $11) 15. O-O-O $1 $14 {[%emt 0:00:54][%cal Od4d5] Hoping for d5!} Nd5 (15... Nf6 $14) 16. Nxd5 $1 $16 exd5 {[%emt 0:00:40] [#]} 17. Bxc4 $1 Bxg5 (17... dxc4 $2 {too greedy.} 18. Qxc4+ Kh8 19. Nf7+ Rxf7 20. Qxf7 $18) (17... Nf6 18. Bb3) 18. Bxg5 Qd6 19. Bb3 {[%emt 0:02:15][%cal Bc4b3,Bb3c2,Bc2h7][%mdl 32] This pair of bishops is nice.} Be6 20. Qe2 Nf6 21. Kb1 {[%emt 0:08:26] Active counter play!} f4 22. Bc2 {[%emt 0:02:02] Qd3 is the strong threat.} Rae8 (22... f3 $16 23. Qxf3 Ng4) 23. Bxf6 $40 {[%emt 0:02:09][%mdl 128] White goes for the king.} Rxf6 24. Qh5 {[%emt 0:00:05] White threatens Qh7+ and mate.} Re7 $2 (24... Qd7) 25. Qh7+ $18 {[%emt 0:01:20] White is clearly winning.} Kf8 {[%emt 0:00:06] [#]} 26. Qh8+ $1 Bg8 27. Bh7 Qe6 {[%emt 0:00:22] [#]} 28. Rge1 $1 {[%emt 0:00:27][%mdl 512] Weighted Error Value: White=0.13 (very precise) /Black=0.33.  Mistake:       	White=1     	Black=6      Inaccurate:     	White=1     	---        OK:         	White=6     	Black=5      Best:        	White=1     	Black=1      Strong:       	White=2     	Black=1      Brilliant:      	White=1     	---} 1-0

[Event "CIS Master Groups 2024"]
[Site "Vasto"]
[Date "2024.04.13"]
[Round "8.14"]
[White "Marchesich, Giovanni"]
[Black "Seresin, Francesco"]
[Result "1/2-1/2"]
[ECO "B10"]
[WhiteElo "2226"]
[BlackElo "2336"]
[Annotator "RC"]
[PlyCount "68"]
[EventDate "2024.04.07"]
[EventType "team-tourn"]
[EventCountry "ITA"]
[SourceTitle "playchess.com"]
[Source "ChessBase"]
[SourceQuality "1"]
[TimeControl "40/5400+30:900+30"]

1. e4 c6 2. Nf3 d5 3. d3 Qc7 4. Nc3 dxe4 5. dxe4 e5 6. Bc4 b5 7. Bb3 h6 8. h3 Nd7 9. a3 Ngf6 10. Qe2 a5 11. a4 b4 12. Nb1 Nc5 13. Nbd2 Be7 14. O-O O-O 15. Bc4 Ne6 16. Nb3 c5 17. Nh4 Bb7 18. f3 Nxe4 19. fxe4 Bxh4 20. Qg4 Bg5 21. Bxe6 Bxc1 22. Raxc1 fxe6 23. Qxe6+ Kh8 24. Qc4 Rxf1+ 25. Rxf1 Qc6 26. Qxc5 Qxe4 27. Rf8+ Rxf8 28. Qxf8+ Kh7 29. Qf2 Qd5 30. Qd2 Qc6 31. Qf2 Qxa4 32. Qf5+ Kh8 33. Qf8+ Kh7 34. Qf5+ Kh8 1/2-1/2

[Event "CIS Master Groups 2024"]
[Site "Vasto"]
[Date "2024.04.13"]
[Round "8.15"]
[White "Boraso, Alessio"]
[Black "Casadio, Niccolo`"]
[Result "1/2-1/2"]
[ECO "B90"]
[WhiteElo "2291"]
[BlackElo "2309"]
[Annotator "RC"]
[PlyCount "97"]
[EventDate "2024.04.07"]
[EventType "team-tourn"]
[EventCountry "ITA"]
[SourceTitle "playchess.com"]
[Source "ChessBase"]
[SourceQuality "1"]
[TimeControl "40/5400+30:900+30"]

1. e4 c5 2. Nf3 d6 3. d4 cxd4 4. Nxd4 Nf6 5. Nc3 a6 6. Qe2 e5 7. Nf5 h6 8. g4 g6 9. Ne3 Nc6 10. h3 Be6 11. Bg2 Rc8 12. Ncd5 h5 13. c3 Bh6 14. Nc4 Bxc1 15. Nxf6+ Kf8 16. Nd5 Bg5 17. Rd1 b5 18. Nce3 hxg4 19. hxg4 Rxh1+ 20. Bxh1 Kg7 21. Bf3 Ne7 22. Nxe7 Qxe7 23. Nd5 Bxd5 24. Rxd5 Qc7 25. a3 Qc6 26. Qd3 Be7 27. Bd1 Rh8 28. Bb3 Rh4 29. Qf3 Qd7 30. Rd3 Bg5 31. Bd1 Qe6 32. Rd5 Rh2 33. Kf1 Bf4 34. Bb3 Qf6 35. Ke2 Qe7 36. Rd1 Qd7 37. Rg1 Qa7 38. Rh1 Rxh1 39. Qxh1 a5 40. Qd1 Qd7 41. Kd3 Qc6 42. f3 Qc5 43. Kc2 a4 44. Bd5 Qf2+ 45. Kb1 Qc5 46. Qe2 Qg1+ 47. Ka2 Qc5 48. Bb7 Qb6 49. Bd5 1/2-1/2

[Event "CIS Master Groups 2024"]
[Site "Vasto"]
[Date "2024.04.13"]
[Round "8.16"]
[White "Belli, Giorgio"]
[Black "Titze, Leo"]
[Result "1/2-1/2"]
[ECO "B44"]
[WhiteElo "2109"]
[BlackElo "2219"]
[Annotator "RC"]
[PlyCount "129"]
[EventDate "2024.04.07"]
[EventType "team-tourn"]
[EventCountry "ITA"]
[SourceTitle "playchess.com"]
[Source "ChessBase"]
[SourceQuality "1"]
[TimeControl "40/5400+30:900+30"]

1. e4 c5 2. Nf3 e6 3. d4 cxd4 4. Nxd4 Nc6 5. Bf4 d6 6. Nxc6 bxc6 7. c4 Nf6 8. Nc3 e5 9. Be3 Ng4 10. Bc1 Be7 11. Be2 Nf6 12. Be3 O-O 13. O-O Be6 14. b4 Qc7 15. Rc1 Nd7 16. Nd5 Bxd5 17. cxd5 c5 18. Bb5 Nf6 19. bxc5 dxc5 20. Qa4 Rab8 21. f3 Qb6 22. Rb1 Nh5 23. Bd3 Qc7 24. Qc6 Qd6 25. Qxd6 Bxd6 26. Rxb8 Rxb8 27. Rc1 Rc8 28. Ba6 Rc7 29. Bb5 Kf8 30. g3 Ke7 31. Bc6 g6 32. Rxc5 Bxc5 33. Bxc5+ Kd8 34. Bd6 f6 35. f4 exf4 36. gxf4 Re7 37. e5 Nxf4 38. exf6 Re1+ 39. Kf2 Nd3+ 40. Kg2 Ne5 41. Be7+ Kc8 42. Be8 Re4 43. d6 Rf4 44. Kg3 Rf5 45. h4 h5 46. d7+ Nxd7 47. Bxg6 Rf1 48. Bd3 Rxf6 49. Bxf6 Nxf6 50. Kf4 Kd8 51. Bg6 Ke7 52. Ke5 Ng4+ 53. Kd4 Nf6 54. Ke5 Ng4+ 55. Kf4 Nf6 56. Kg5 Nd5 57. Bc2 Kf8 58. a3 Kg7 59. Kxh5 Nc7 60. Bd3 Ne6 61. Bc4 Nd4 62. Bd3 Nf3 63. Be4 Nd4 64. a4 a5 65. Bd5 1/2-1/2

[Event "CIS Master Groups 2024"]
[Site "Vasto"]
[Date "2024.04.13"]
[Round "8.17"]
[White "Glek, Igor"]
[Black "Chatalbashev, Boris"]
[Result "1/2-1/2"]
[ECO "B07"]
[WhiteElo "2409"]
[BlackElo "2451"]
[Annotator "RC"]
[PlyCount "144"]
[EventDate "2024.04.07"]
[EventType "team-tourn"]
[EventCountry "ITA"]
[SourceTitle "playchess.com"]
[Source "ChessBase"]
[SourceQuality "1"]
[TimeControl "40/5400+30:900+30"]

1. e4 g6 2. d4 Bg7 3. Nf3 d6 4. c3 Nf6 5. Bd3 O-O 6. O-O Nbd7 7. Re1 e5 8. h3 b6 9. Nbd2 Bb7 10. Nf1 Re8 11. Ng3 d5 12. Bg5 h6 13. Bxf6 Qxf6 14. Qa4 Bc6 15. Bb5 Bxb5 16. Qxb5 c6 17. Qa4 exd4 18. cxd4 Qd6 19. Rad1 a5 20. e5 Qe6 21. Ne2 Rac8 22. Rc1 g5 23. Ng3 c5 24. Qb5 c4 25. Nf1 Red8 26. Ne3 Nf8 27. b3 c3 28. Qd3 Ng6 29. Rxc3 Rxc3 30. Qxc3 Nf4 31. Qc2 Rc8 32. Qf5 Bf8 33. g3 Nxh3+ 34. Kg2 Qxf5 35. Nxf5 g4 36. Ne3 h5 37. Ng1 Bb4 38. Rd1 Nxg1 39. Kxg1 Rd8 40. Kf1 f6 41. exf6 Kf7 42. Rc1 Bd2 43. Rc6 Bxe3 44. fxe3 a4 45. Rxb6 axb3 46. axb3 Ra8 47. Rd6 Ra5 48. Ke2 Rb5 49. b4 Kg6 50. Kd3 Rxb4 51. Rxd5 Rb2 52. f7 Rf2 53. Rd7 h4 54. Rd6+ Kxf7 55. gxh4 Rh2 56. Ke4 g3 57. Kf3 g2 58. Kf2 Rh3 59. Kxg2 Rxe3 60. h5 Ke7 61. Kf2 Rd3 62. Ke2 Rh3 63. Rh6 Kf7 64. d5 Kg7 65. d6 Rh2+ 66. Ke3 Rh1 67. Rg6+ Kf7 68. Rg5 Rd1 69. Rg6 Rh1 70. d7 Rd1 71. Rh6 Kg7 72. Rg6+ Kh7 1/2-1/2

[Event "CIS Master Groups 2024"]
[Site "Vasto"]
[Date "2024.04.13"]
[Round "8.18"]
[White "Genocchio, Daniele"]
[Black "Cereda, Loris"]
[Result "1-0"]
[ECO "A12"]
[WhiteElo "2375"]
[BlackElo "2322"]
[Annotator "RC"]
[PlyCount "79"]
[EventDate "2024.04.07"]
[EventType "team-tourn"]
[EventCountry "ITA"]
[SourceTitle "playchess.com"]
[Source "ChessBase"]
[SourceQuality "1"]
[TimeControl "40/5400+30:900+30"]

1. Nf3 d5 2. g3 c6 3. Bg2 Bg4 4. b3 Nd7 5. Bb2 Ngf6 6. O-O e6 7. d3 Qc7 8. c4 Be7 9. Nbd2 O-O 10. Rc1 Rad8 11. Rc2 Rfe8 12. Qa1 Bd6 13. Re1 Qb8 14. Nf1 e5 15. cxd5 Nxd5 16. a3 h6 17. N1d2 Bc7 18. Qb1 N7f6 19. Rc4 Nb6 20. Rcc1 Bf5 21. Qa1 Bh7 22. Bh3 Nbd5 23. Rc4 Re7 24. Nh4 Bb6 25. e4 Nf4 26. gxf4 Rxd3 27. Nhf3 Bc7 28. Bf1 Rd8 29. Rc5 Ng4 30. h3 Bb6 31. b4 Bxc5 32. bxc5 Nf6 33. Bxe5 Qc8 34. f5 Nxe4 35. Nxe4 Qxf5 36. Bg2 Rd3 37. Ng3 Qg6 38. Bd6 Re6 39. Ne5 Rxe5 40. Qxe5 1-0